 Dungeon Crawl Stone Soup version 0.28-a0-563-gf77a47075d (webtiles) character file.

Game seed: 17120331246947550441

9356 Conn the Arsonist (level 11, -9/66 HPs)
             Began as an Octopode Fire Elementalist on Sept 30, 2021.
             Was a High Priest of Sif Muna.
             Mangled by a wraith (13 damage)
             ... on level 10 of the Dungeon.
             The game lasted 00:36:44 (16294 turns).

Conn the Arsonist (Octopode Fire Elementalist)     Turns: 16294, Time: 00:36:47

Health: -9/66      AC:  1    Str: 15    XL:     11   Next: 45%
Magic:  11/21      EV: 13    Int: 20    God:    Sif Muna [*****.]
Gold:   660        SH:  0    Dex: 12    Spells: 0/24 levels left

rFire   + . .      SeeInvis .   a - staff of fire
rCold   . . .      Faith    .   (no shield)
rNeg    . . .      Spirit   .   (helmet restricted)
rPois   .          Reflect  .   (no amulet)
rElec   .          Harm     .   h - ring of flight
rCorr   .          Rampage  .   z - +6 ring of strength
Will    .....                   (no ring)
Stlth   ++++......              (no ring)
HPRegen 0.21/turn               (no ring)
MPRegen 0.17/turn               (no ring)
                                (no ring)
                                (no ring)

@: flying, slowed, very slow
A: almost no armour, amphibious, 8 rings, camouflage 1, gelatinous body 1,
(nimble swimmer 1), tentacles
a: Renounce Religion, Channel Magic, Forget Spell, Divine Exegesis


You were on level 10 of the Dungeon.
You worshipped Sif Muna.
Sif Muna was extremely pleased with you.
You visited 1 branch of the dungeon, and saw 10 of its levels.

You collected 660 gold pieces.

Inventory:

Hand Weapons
 b - the +9 whip of Infinite Pain {freeze, Will- Str+4 Int+6 Stlth+}
   (You found it on level 10 of the Dungeon)

   It freezes those it strikes, dealing additional cold damage.
   It can also slow down cold-blooded creatures.
   Str:       It affects your strength (+4).
   Int:       It affects your intelligence (+6).
   Will:      It decreases your willpower.
   Stlth:     It makes you more stealthy.
 B - a +5 falchion
Missiles
 r - 11 curare-tipped darts
 s - 2 throwing nets
Armour
 A - a +0 buckler
Magical Staves
 a - a staff of fire (weapon)
Jewellery
 h - a ring of flight (left tentacle)
 z - a +6 ring of strength (right tentacle)
Wands
 c - a wand of iceblast (13)
 n - a wand of charming (8)
 q - a wand of flame (49)
 y - a wand of polymorph (9)
Scrolls
 d - 3 scrolls of teleportation
 g - a scroll of magic mapping
 j - 2 scrolls of vulnerability
 k - 4 scrolls of enchant weapon
 l - a scroll of fog
 o - a scroll of enchant armour
 u - a scroll of fear
Potions
 e - 4 potions of curing
 f - 6 potions of attraction
 i - 3 potions of might
 p - a potion of haste
 t - a potion of flight
 v - a potion of mutation
 w - 2 potions of invisibility


   Skills:
 + Level 2.8 Fighting
 + Level 2.0 Long Blades
 + Level 3.0 Dodging
 + Level 5.1 Stealth
 + Level 7.2 Spellcasting
 + Level 7.8 Conjurations
 - Level 5.0 Hexes
 + Level 3.2 Transmutations
 + Level 10.0 Fire Magic
 * Level 1.0 Air Magic
 * Level 1.3 Poison Magic
 - Level 6.0 Invocations


You couldn't memorise any spells.
You knew the following spells:

 Your Spells              Type           Power      Damage    Failure   Level
a - Foxfire               Conj/Fire      100%       2x1d9     1%          1
b - Conjure Flame         Conj/Fire      59%        6-21      1%          3
c - Inner Flame           Hex/Fire       54%        N/A       1%          3
d - Flame Wave            Conj/Fire      59%        3d11      2%          4
e - Scorch                Fire           100%       2d10      1%          2
f - Irradiate             Conj/Tmut      14%        3d18      26%         5
g - Mephitic Cloud        Conj/Pois/Air  20%        N/A       7%          3
h - Ozocubu's Armour      Ice            7%         N/A       28%         3

Your spell library contained the following spells:

 Spells                   Type           Power      Damage    Failure   Level
 Confusing Touch          Hex            27%        N/A       3%          3
 Gell's Gravitas          Tloc           3%         N/A       28%         3
 Lesser Beckoning         Tloc           7%         N/A       28%         3
 Vampiric Draining        Necr           3%         2d6       28%         3
 Leda's Liquefaction      Hex/Erth       8%         N/A       32%         4
 Blade Hands              Tmut           10%        N/A       56%         5
 Animate Dead             Necr           3%         N/A       67%         4
 Borgnjor's Vile Clutch   Necr/Erth      3%         N/A       95%         5
 Dragon Form              Tmut           10%        N/A       100%        7
 Haunt                    Necr/Summ      3%         N/A       100%        7
 Infestation              Necr           3%         N/A       100%        8
 Necromutation            Tmut/Necr      6%         N/A       100%        8


Dungeon Overview and Level Annotations

Branches:
Dungeon (10/15)            Temple (0/1) D:4            Lair (0/6) D:9
    Orc: D:9-12

Altars:
Ashenzari
Kikubaaqudgha
Ru
Sif Muna
Wu Jian
The Shining One

Shops:
D:3 (   D:4 :   D:8 *

Annotations:
D:10 Heedrag's ghost, novice DsCj


Innate Abilities, Weirdness & Mutations

You cannot wear most types of armour.
You are amphibious.
You can wear up to eight rings at the same time.
Your skin changes colour to match your surroundings (Stealth+).
Your rubbery body absorbs attacks. (AC +1, EV +1)
((You are camouflaged near water. (Stealth+)))
You have tentacles for arms and can constrict up to eight enemies at once.


Message History

The wraith hits you! The wraith drains your vigour!
You feel as though you will be slow longer.
The wraith hits you!
* * * LOW HITPOINT WARNING * * *
The wraith drains your vigour!
You feel as though you will be slow longer.
Your Air Magic skill increases to level 1!
Okay, then.
Casting: Flame Wave (dangerous; 2% risk of failure)
Confirm with . or Enter, or press ? or * to list all spells.
Okay, then.
Okay, then.
Okay, then.
Unknown command.
Unknown command.
Unknown command.
Casting: Flame Wave (dangerous; 2% risk of failure)
Confirm with . or Enter, or press ? or * to list all spells.
Casting: Flame Wave (dangerous; 2% risk of failure)
Press: ? - help, Dir - look around, f - activate You feel a surge of power!
A wave of flame ripples out!
The flame wave engulfs the wraith!
You destroy the wraith!
Sif Muna accepts your kill.
The flame wave engulfs the wraith!
The wraith is severely damaged. (Press . to intensify the flame waves.)
The wraith hits you but does no damage. The wraith hits you!
* * * LOW HITPOINT WARNING * * *
The wraith drains your vigour!
You feel as though you will be slow longer.
Your Poison Magic skill increases to level 1!
A wave of flame ripples out!
The flame wave engulfs the wraith!
The wraith is almost destroyed.
The flame wave engulfs the wraith.
The wraith is almost destroyed.
The flame wave engulfs Heedrag's ghost!
Heedrag's ghost is lightly damaged.
The wraith hits you!
You die...

#..# ..8.8..#....).....# #..#
##.))).##........).# #..#
.......#........).#
##..########..W..##..........####
..........#..W....#..............
..........###W''###############..
..................# ##.........
...............########...≈≈.≈≈..
..............WW@.......§.§≈.≈..≈
######..........W.......≈≈§...§≈≈
#......................_..§§
######..................≈§....§≈§
........................≈..≈.≈.§§
..........................≈§.≈≈..
...........?.!...................
..........................##..###
........................####.####


You could see 2 wraiths and Heedrag's ghost.

Vanquished Creatures
  A two-headed ogre (D:10)
  Sonja (D:10)
  Joseph (D:7)
  2 trolls (D:10)
  Sigmund (D:6)
  3 shadows
  A vampire (D:9)
  2 wraiths (D:10)
  A wyvern (D:8)
  A steam dragon (D:3)
  14 yaks
  2 orc warriors
  6 water moccasins
  2 ice beasts (D:6)
  Purgy (D:4)
  2 black bears (D:6)
  A necrophage (D:4)
  An ogre (D:6)
  A centaur (D:7)
  3 phantoms
  2 kobold brigands
  A wyvern zombie (D:6)
  A bullfrog (D:7)
  4 gnoll sergeants
  A scorpion (D:6)
  A water moccasin skeleton (D:5)
  5 killer bees (D:5)
  11 wights
  2 howler monkeys
  3 centaur zombies
  2 bullfrog zombies (D:6)
  2 hounds
  A human zombie (D:4)
  4 orc priests
  Crazy Yiuf (D:6)
  A bullfrog skeleton (D:6)
  2 jellies
  A centaur skeleton (D:4)
  A scorpion zombie (D:4)
  2 iguanas
  5 orc wizards
  3 hound zombies (D:4)
  A mummy (D:4)
  16 gnolls
  6 adders
  A white imp (D:8)
  2 ufetubi
  3 adder zombies (D:4)
  2 adder skeletons
  5 worms
  3 dart slugs
  20 orcs
  6 bats
  9 endoplasms
  4 giant cockroaches
  5 goblins
  9 hobgoblins
  3 jackals (D:4)
  6 quokkas
  3 ball pythons
  5 frilled lizards
  12 kobolds
  21 rats
245 creatures vanquished.

Vanquished Creatures (others)
  997 foxfires
  2 plants (D:6)
999 creatures vanquished.

Grand Total: 1244 creatures vanquished

Notes
Turn   | Place    | Note
-------+----------+-------------------------------------------
     0 | D:1      | Conn the Octopode Fire Elementalist began the quest for the
                  | Orb.
     0 | D:1      | Reached XP level 1. HP: 11/11 MP: 3/3
   269 | D:1      | Reached XP level 2. HP: 7/17 MP: 0/5
  1419 | D:2      | Found a shimmering blue altar of Sif Muna.
  1428 | D:2      | Became a worshipper of Sif Muna the Loreminder
  1528 | D:2      | Reached XP level 3. HP: 21/21 MP: 2/6
  2283 | D:3      | Reached XP level 4. HP: 27/27 MP: 5/7
  2313 | D:3      | Reached * piety under Sif Muna
  2437 | D:3      | Reached skill level 4 in Fire Magic
  2749 | D:3      | Found Ryzusk's Weapon Shoppe.
  2947 | D:3      | Got the Collected Works on Dusty Darkness
  3512 | D:3      | Noticed a steam dragon
  3530 | D:3      | Learned a level 3 spell: Conjure Flame
  3534 | D:3      | Learned a level 3 spell: Inner Flame
  3574 | D:3      | Killed a steam dragon
  3575 | D:3      | Reached XP level 5. HP: 31/31 MP: 1/9
  3575 | D:3      | Reached XP level 6. HP: 36/36 MP: 1/10
  3878 | D:4      | Found Ekijam's Book Boutique.
  3886 | D:4      | Reached skill level 1 in Hexes
  3888 | D:4      | Reached skill level 1 in Invocations
  4139 | D:4      | Reached ** piety under Sif Muna
  4197 | D:4      | Noticed Purgy
  4208 | D:4      | Killed Purgy
  4209 | D:4      | Reached XP level 7. HP: 29/41 MP: 0/12
  4549 | D:4      | Found a staircase to the Ecumenical Temple.
  4577 | D:4      | Reached skill level 5 in Fire Magic
  5858 | D:5      | Entered Level 5 of the Dungeon
  6178 | D:4      | Reached XP level 8. HP: 25/46 MP: 0/13
  6460 | D:4      | Found an ancient bone altar of Kikubaaqudgha.
  7047 | D:4      | Identified a scroll of acquirement
  7050 | D:4      | Acquired a staff of fire
  7131 | D:5      | Reached skill level 6 in Fire Magic
  7141 | D:5      | Reached skill level 1 in Long Blades
  7766 | D:5      | Reached *** piety under Sif Muna
  7767 | D:5      | Reached skill level 1 in Fighting
  7986 | D:5      | Learned a level 4 spell: Flame Wave
  7989 | D:5      | Learned a level 2 spell: Scorch
  7996 | D:5      | Reached skill level 5 in Conjurations
  8860 | D:6      | Reached XP level 9. HP: 53/53 MP: 12/15
  9158 | D:6      | Reached skill level 7 in Fire Magic
  9594 | D:6      | Identified the +6 dagger of Yesterday {antimagic, Will+}
  9748 | D:6      | Noticed Sigmund
  9754 | D:6      | Killed Sigmund
  9848 | D:6      | Found a sacrificial altar of Ru.
 10142 | D:6      | Reached skill level 5 in Spellcasting
 10408 | D:6      | Found a broken altar of Ashenzari.
 10676 | D:6      | Identified the +1 chain mail of Trial and Error {rElec rC+}
 10818 | D:6      | Found a runed translucent door.
 10819 | D:6      | Noticed Crazy Yiuf
 10831 | D:6      | Killed Crazy Yiuf
 11344 | D:7      | Noticed Joseph
 11619 | D:7      | Reached skill level 5 in Invocations
 11658 | D:7      | Reached XP level 10. HP: 56/60 MP: 0/18
 11726 | D:7      | Killed Joseph
 11726 | D:7      | Reached **** piety under Sif Muna
 11745 | D:7      | Reached skill level 8 in Fire Magic
 12485 | D:8      | Reached skill level 5 in Stealth
 13162 | D:7      | Learned a level 5 spell: Irradiate
 13298 | D:8      | Found Mixanwi's General Store.
 13325 | D:8      | Reached skill level 1 in Transmutations
 13964 | D:9      | Found a staircase to the Lair.
 14140 | D:9      | Reached skill level 5 in Hexes
 14178 | D:9      | Reached skill level 9 in Fire Magic
 15170 | D:10     | Entered Level 10 of the Dungeon
 15170 | D:10     | Found an ornate altar of the Wu Jian Council.
 15213 | D:10     | Reached XP level 11. HP: 64/64 MP: 0/21
 15384 | D:10     | Noticed Sonja
 15393 | D:10     | Killed Sonja
 15477 | D:10     | Found a glowing golden altar of the Shining One.
 15496 | D:10     | Identified the +9 whip of Infinite Pain {freeze, Will-
                  | Str+4 Int+6 Stlth+}
 15574 | D:10     | Found a runed translucent gate.
 15576 | D:10     | Found a runed translucent gate.
 15651 | D:10     | Found a runed translucent gate.
 15671 | D:10     | Noticed a two-headed ogre
 15677 | D:10     | Killed a two-headed ogre
 15678 | D:10     | Reached skill level 10 in Fire Magic
 15938 | D:10     | Reached ***** piety under Sif Muna
 16164 | D:10     | Received a gift from Sif Muna
 16171 | D:10     | Got Sif Muna's Foundations of Sorcery {god gift}
 16176 | D:10     | Learned a level 3 spell: Mephitic Cloud
 16180 | D:10     | Learned a level 3 spell: Ozocubu's Armour
 16284 | D:10     | Noticed Heedrag's ghost (novice DsCj)
 16293 | D:10     | Reached skill level 1 in Air Magic
 16293 | D:10     | HP: 3/66 [wraith (14)]
 16294 | D:10     | Reached skill level 1 in Poison Magic
 16294 | D:10     | Mangled by a wraith

Illustrated notes

Levels and vault maps discovered:
D:1:      dpeg_arrival_leaves_temple_mockup, layout_loops_ring,
          kennysheep_flooded_box
D:2:      layout_rooms, basic_altar, nrook_loot_triangle
D:3:      layout_loops_corners, serial_shops, nicolae_shop_crystal,
          minmay_parallelograms, minmay_rat_hole
D:4:      layout_rooms, lemuel_mausoleum_altar_kikubaaqudgha,
          minmay_temple_entry_purple_smoke, serial_shops, shop, uniq_purgy
D:5:      layout_layer_cave
D:6:      layout_basic, lemuel_doored_altar, mainiacjoe_overflow_brackets,
          serial_bayou_pond_e, uniq_sigmund, uniq_crazy_yiuf_cottage
D:7:      layout_basic, uniq_joseph
D:8:      layout_basic, serial_shops, shop
D:9:      layout_basic, lair_entry_dummy
D:10:     layout_long_grid, mainiacjoe_overflow_small_starburst,
          nzn_wu_jian_council_hall, nicolae_hepliaklqana_ecumenical_no_more,
          gammafunk_ghost_spectres, billiards_dpeg, uniq_sonja

Skill      XL: |  1  2  3  4  5  6  7  8  9 10 11 |
---------------+----------------------------------+-----
Conjurations   | 2 3 4 5 6 7 |  7.8
Stealth        | 3 4 5 |  5.1
Fire Magic     | 4 5 6 7 9 10 | 10.0
Spellcasting   | 3 4 5 6 7 |  7.2
Hexes          | 1 2 3 4 5 |  5.0
Invocations    | 1 2 3 5 6 |  6.0
Long Blades    | 2 |  2.0
Fighting       | 1 2 |  2.8
Transmutations | 2 3 |  3.2
Dodging        | 3 |  3.0
Air Magic      | 1 |  1.0
Poison Magic   | 1 |  1.3

Action                   |  1- 3 |  4- 6 |  7- 9 | 10-12 || total
-------------------------+-------+-------+-------+-------++-------
Melee: Unarmed           |    21 |    12 |    14 |       ||    47
       Constrict         |     8 |     3 |    16 |     3 ||    30
       Tentacles         |     7 |     5 |    10 |     2 ||    24
       Falchion          |       |       |    28 |       ||    28
       Staff             |       |       |    17 |    14 ||    31
 Cast: Foxfire           |    64 |    87 |   231 |   205 ||   587
       Inner Flame       |       |     3 |    23 |    28 ||    54
       Conjure Flame     |       |       |     8 |     5 ||    13
       Flame Wave        |       |       |     1 |     4 ||     5
Evoke: Wand              |       |       |     1 |       ||     1
  Use: Scroll            |       |       |    12 |     8 ||    20
       Potion            |       |       |     3 |     3 ||     6
 Stab: Sleeping          |       |     1 |     3 |       ||     4
Armor: Skin              |     2 |     1 |    12 |     4 ||    19
Dodge: Dodged            |    17 |    17 |    79 |    22 ||   135

Table legend: (Time is in decaauts)
 A = Elapsed time spent in this place.
 B = Non-inter-level travel time spent in this place.
 C = Inter-level travel time spent in this place.
 D = Time resting spent in this place.
 E = Time spent auto-exploring this place.
 F = Levels seen in this place.
 G = Mean time per level.
                   A        B        C        D        E       F      G
               +--------+--------+--------+--------+--------+-----+--------+
         Total |  16313 |  16012 |    301 |   2633 |  10245 |  10 | 1631.3 |
       Dungeon |  16313 |  16012 |    301 |   2633 |  10245 |  10 | 1631.3 |
               +--------+--------+--------+--------+--------+-----+--------+

Top non-repeatable levels by time:
     D:4: 2577 daAuts
     D:6: 2195 daAuts
     D:5: 2174 daAuts
     D:3: 2146 daAuts
     D:9: 1465 daAuts
     D:1: 1434 daAuts
     D:8: 1399 daAuts
    D:10: 1124 daAuts
     D:7: 1067 daAuts
     D:2: 729 daAuts
